 Dungeon Crawl Stone Soup version 0.32-a0-128-g77eb882913 (webtiles) character file.

Game seed: 17052408699270896347

39 Esekla the Sneak (level 3, -6/26 HPs)
             Began as an Octopode Delver on Feb 7, 2024.
             Killed by nerve-wracking pain
             ... invoked by an orc priest
              (14 damage)
             ... on level 5 of the Dungeon.
             The game lasted 00:02:02 (50 turns).

Esekla the Sneak (Octopode Delver)                    Turns: 50, Time: 00:02:02

Health: -6/26      AC:  1    Str: 11    XL:     3   Next: 47%
Magic:  4/4        EV: 13    Int: 14    God:
Gold:   26         SH:  0    Dex: 13    Spells: 3/3 levels left

rFire   . . .        a - +0 falchion
rCold   . . .        (no shield)
rNeg    . . .        (helmet restricted)
rPois   .            (no amulet)
rElec   .            (no ring)
rCorr   .            (no ring)
SInv    .            (no ring)
Will    .....        (no ring)
Stlth   ++++         (no ring)
HPRegen 0.24/turn    (no ring)
MPRegen 0.09/turn    (no ring)
                     (no ring)

%: no passive effects
@: no status effects
A: almost no armour, amphibious, 8 rings, camouflage 1, gelatinous body 1,
(nimble swimmer 1), tentacles
a: no special abilities


You were on level 5 of the Dungeon.
You visited 1 branch of the dungeon, and saw 1 of its levels.

You collected 26 gold pieces.

Inventory:

Hand Weapons
 a - a +0 falchion (weapon)
Wands
 f - a wand of digging (3)
Scrolls
 b - a scroll of fog
Potions
 e - a potion of haste


   Skills:
 * Level 3.3 Fighting
 + Level 2.1 Long Blades
 * Level 2.2 Dodging
 + Level 7.3 Stealth
 * Level 0.7 Spellcasting


You had 3 spell levels left.
You didn't know any spells.
Your spell library was empty.

Dungeon Overview and Level Annotations

Branches:
Dungeon (5/15)
 Temple: D:4-7

Altars:

Annotations:
D:5 Grinder


Innate Abilities, Weirdness & Mutations

You cannot wear most types of armour.
You are amphibious.
You can wear up to eight rings at the same time.
Your skin changes colour to match your surroundings (Stealth+).
Your rubbery body absorbs attacks. (AC +1, EV +1)
((You are camouflaged when in or above water. (Stealth+)))
You have tentacles for arms and can constrict up to eight enemies at once.


Message History

An ice beast comes into view.
Found 17 gold pieces.
You now have 26 gold pieces (gained 17).
An adder comes into view.
The adder moves out of view.
As you read the scroll of revelation, it crumbles to dust.
You feel aware of your surroundings.
You sensed 1 altar.
A hound and an orc wizard come into view.
The orc wizard moves out of view.
Found a stone staircase leading down.
The adder hisses angrily.
An orc comes into view. It is wielding a +0 short sword.
An orc priest comes into view. It is wielding a +0 falchion.
The orc priest shouts!
You hear a shout!
The hound barks!
The orc priest calls down the wrath of Beogh upon you.
Beogh smites you!
* * * LOW HITPOINT WARNING * * *
Found a scroll labelled XEEQAF EDATUNIDO.
Found a long bronze wand.
Found a stone staircase leading up.
Grinder comes into view.
As you read the scroll of fear, it crumbles to dust.
You assume a fearsome visage.
Grinder looks frightened!
Grinder shouts!
The orc looks frightened!
The orc wizard looks frightened!
The orc wizard shouts!
The adder looks frightened!
Grinder blinks!
The orc wizard mumbles some strange words.
The orc wizard flickers and vanishes!
Deactivating autopickup; reactivate with Ctrl-A.
You hit the demonic plant.
The demonic plant begins to die.
You grab the demonic plant.
The demonic plant is lightly damaged.
You constrict the demonic plant.
Grinder blinks!
You release your grip on the demonic plant.
Grinder blinks!
A nearby demonic plant withers and dies.
The orc priest mumbles some strange prayers to Beogh against you.
Pain shoots through your body!
Ouch! That really hurt!
You die...

******,#*#.##..###S# *,,,>,,
*,,......h#....# *,*,***
*,*.?..##..###.## *,*,***
*,........o.....# *,,,,,,
**....###..###..# *,,,***
*.<............#******,,,,,,
*########...#....,,,,,,,****
***,,,,,,,#...#..###***,,,,,,*
*,*,*,,,*,#..@#..# ***,,*,*
**,+,,,,,,,#..##..# *,,,,,,,
*,,+,,,_,,,#..#,..#*****,*,,*,*
**,,+,,,,,,,#.#.,,,,,,,,,,,,,,,,
*,,,*,*,,,*,#.#.#,,**,*,*,*,,,,,
*,,,*,,,,,,,###.#,,*,***,,**,**,
*,,,***********.#,,,,,,**,**,**,
**,*,,,,,,,,,*,..,,,,,,,,,**,**,
*,,,**,,,,,***,*,,**,,,****,,,,


You could see a hound and an orc priest.

Vanquished Creatures
  A howler monkey (D:5)
1 creature vanquished.

Notes
Turn   | Place    | Note
-------+----------+-------------------------------------------
     0 | D:5      | Esekla the Octopode Delver began the quest for the Orb.
     0 | D:5      | Reached XP level 1. HP: 16/16 MP: 1/1
     7 | D:5      | Noticed a howler monkey
    14 | D:5      | Killed a howler monkey
    15 | D:5      | Reached skill level 7 in Stealth
    15 | D:5      | Reached XP level 2. HP: 9/21 MP: 1/3
    15 | D:5      | Reached XP level 3. HP: 12/26 MP: 1/4
    15 | D:5      | Noticed an ice beast
    43 | D:5      | Noticed Grinder
    50 | D:5      | Killed from afar by an orc priest

Illustrated notes

Levels and vault maps discovered:
D:5:      layout_loops_ring, regret_index_xom_of_box, uniq_grinder

Skill      XL: |  1 |
---------------+----+-----
Stealth        | 7 |  7.3
Fighting       | |  3.3
Long Blades    | |  2.1
Dodging        | |  2.2
Spellcasting   | |  0.7

Action                     || total
---------------------------++-------
  Melee: Falchion          ||     5
         Tentacles         ||     2
         Constrict         ||     2
    Use: Scroll            ||     2
 Armour: Skin              ||     2
  Dodge: Dodged            ||     1

Table legend: (Time is in decaauts)
 A = Elapsed time spent in this place.
 B = Non-inter-level travel time spent in this place.
 C = Inter-level travel time spent in this place.
 D = Time resting spent in this place.
 E = Time spent auto-exploring this place.
 F = Levels seen in this place.
 G = Mean time per level.
                   A        B        C        D        E       F      G
               +--------+--------+--------+--------+--------+-----+--------+
         Total |     51 |     51 |      0 |      0 |      0 |   1 |   51.0 |
       Dungeon |     51 |     51 |      0 |      0 |      0 |   1 |   51.0 |
               +--------+--------+--------+--------+--------+-----+--------+

Top non-repeatable levels by time:
     D:5: 51 daAuts
